 Dungeon Crawl Stone Soup version 0.13-a0-1614-gd69a504 (console) character file.

158 Duph the Poker (level 3, -1/28 HPs)
             Began as a Merfolk Abyssal Knight on June 15, 2013.
             Was a Believer of Lugonu.
             Slain by a gnoll
             ... wielding a -1,+1 orcish club
              (6 damage)
             ... on Level 2 of the Dungeon.
             The game lasted 00:06:55 (1813 turns).

Duph the Poker (Merfolk Abyssal Knight)             Turns: 1813, Time: 00:06:55

HP  -1/28        AC  3     Str 13      XL: 3   Next: 56%
MP   4/4         EV  5     Int 11      God: Lugonu [**....]
Gold 116         SH  0     Dex 13      Spells:  0 memorised,  2 levels left

Res.Fire  : . . .   See Invis. : .   a - +2 spear {=f}
Res.Cold  : + . .   Warding    : .   b - +0 leather armour
Life Prot.: . . .   Conserve   : .   p - +0 buckler
Res.Poison: .       Res.Corr.  : .   (no helmet)
Res.Elec. : .       Clarity    : .   (no cloak)
Sust.Abil.: . .     Spirit.Shd : .   (no gloves)
Res.Mut.  : .       Stasis     : .   (no boots)
Res.Rott. : .       Flight     : .   (no amulet)
Saprovore : . . .                    (no ring)
                                     f - ring of protection from cold {unknown}

@: held, not resistant to hostile enchantments, very unstealthy
A: change form in water, swift swim
a: Depart the Abyss, Bend Space, Renounce Religion


You were on level 2 of the Dungeon.
You worshipped Lugonu.
Lugonu was most pleased with you.
You were hungry.

You visited 1 branch of the dungeon, and saw 2 of its levels.
You visited the Abyss 1 time.

You collected 96 gold pieces.

Inventory:

Hand weapons
 a - a +2,+2 spear (weapon) {=f}
Missiles
 h - 19 stones (quivered)
 j - 13 arrows
 o - 20 bolts
 s - 16 arrows of flame
Armour
 b - a +0 leather armour (worn)
 p - a +0 buckler (worn)
Magical devices
 u - a wand of fireball (3)
Comestibles
 c - a bread ration
Scrolls
 d - a scroll of identify {unknown}
 e - a scroll of teleportation {unknown}
 i - 3 scrolls of curse weapon {unknown}
 k - a scroll of enchant weapon II {unknown}
 l - 2 scrolls of random uselessness {unknown}
 n - a scroll of noise {unknown}
 t - a scroll of fear {unknown}
Jewellery
 f - a ring of protection from cold (left hand) {unknown}
 g - an uncursed ring of life protection {unknown}
 m - an uncursed ring of flight
Potions
 v - a potion of might
Books
 r - a book of Beasts

   Spells                             Type                      Level
   Summon Butterflies                 Summoning                    1
   Sticks to Snakes                   Transmutation                2
   Call Canine Familiar               Summoning                    3
   Ice Form                           Ice/Transmutation            4
   Summon Ice Beast                   Ice/Summoning                4
   Summon Hydra                       Summoning                    7


   Skills:
 - Level 3.2 Fighting
 * Level 4.4 Polearms
 + Level 1.4 Armour
 - Level 2.6 Dodging
 + Level 2.4 Invocations


You had 2 spell levels left.
You didn't know any spells.

Dungeon Overview and Level Annotations

Branches:
Dungeon (2/27)

Altars:


Message History

Found a scroll labeled NETTUM NAJAQ.
You see here a scroll labeled NETTUM NAJAQ.
l - 2 scrolls labeled NETTUM NAJAQ (gained 1)
You are feeling hungry.
Found a stone staircase leading down.
Found 3 scrolls labeled MNAVVU VATY.
A gnoll comes into view.
The gnoll shouts!
The gnoll throws a throwing net.
The throwing net hits you!
You become entangled in the net!
* * * LOW HITPOINT WARNING * * *
You see here a throwing net.
You struggle against the net.
You try to slip out of the net.
You try to slip out of the net.
You slip out of the net!
The gnoll throws a throwing net.
The throwing net hits you!
You become entangled in the net!
* * * LOW HITPOINT WARNING * * *
The gnoll hits you with an orcish club.
You die...

.......##.# #.#...............
#.#.#..##.# #.#..#####.#......
...........# #.......##........
.#.###.........................
#. #..#..###..g.#####.#.#....
#..#..##.....# #.#.#....
#..#..##.....#####........
.........................
..#..##.@...#####.#......
........g.........#.##...
.........>...............
.##......................
#?.#....#.#........#.#.
#..#....#.#.##..#..#.#. #.
#.............).....
#..#...##.#.##..#..#.##
###..#...##.#.##..#..#.#


You could see 2 gnolls.

Vanquished Creatures
  An adder (D:2)
  A giant gecko (D:1)
  2 ball pythons
  2 giant cockroaches
  2 goblins
  4 hobgoblins
  A quokka (D:2)
  5 bats
  3 giant newts
  7 kobolds
  3 rats
31 creatures vanquished.

Vanquished Creatures (others)
  A rat (D:1)
1 creature vanquished.

Grand Total: 32 creatures vanquished

Notes
Turn   | Place    | Note
--------------------------------------------------------------
     0 | Abyss:1  | Duph, the Merfolk Abyssal Knight, began the quest for the Orb.
     0 | Abyss:1  | Reached XP level 1. HP: 16/16 MP: 1/1
    36 | D:1      | Escaped the Abyss
   342 | D:1      | Reached XP level 2. HP: 15/22 MP: 2/2
   495 | D:1      | Acquired Lugonu's second power
   495 | D:1      | Reached skill level 4 in Polearms
  1182 | D:2      | Reached skill level 1 in Armour
  1182 | D:2      | Reached XP level 3. HP: 26/28 MP: 4/4
  1813 | D:2      | Slain by a gnoll

Action                   || total
-------------------------++-------
Melee: Spear             ||    97
Throw: Hand axe          ||     1
       Stone             ||     1
Invok: Bend Space        ||     1
Evoke: Wand              ||     1
  Use: Potion            ||     8
